 Dungeon Crawl Stone Soup version 0.18-a0-46-g45ca8e4 (webtiles) character file.

172 4thArraOfDagon the Slasher (level 5, -1/35 HPs)
             Began as a High Elf Skald on Nov 6, 2015.
             Was an Initiate of Ashenzari.
             Slain by a kobold
             ... wielding a +0 short sword
              (3 damage)
             ... in a sewer.
             The game lasted 00:09:43 (1604 turns).

4thArraOfDagon the Slasher (High Elf Skald)         Turns: 1604, Time: 00:09:43

Health: -1/35      AC:  6    Str: 11    XL:     5   Next: 27%
Magic:  9/9        EV: 10    Int: 17    God:    Ashenzari [......]
Gold:   78         SH:  0    Dex: 14    Spells: 2 memorised, 5 levels left

rFire  . . .     SeeInvis .     b - +0 short sword (venom)
rCold  . . .     Clarity  .     o - +0 ring mail
rNeg   . . .     SustAt   .     (no shield)
rPois  .         Gourm    .     (no helmet)
rElec  .         Spirit   .     r - +0 cloak
rCorr  .         Warding  .     (no gloves)
rMut   .         Stasis   .     (no boots)
MR     .....                    (no amulet)
Stlth  +.........               (no ring)
                                (no ring)

@: not resistant to hostile enchantments, very unstealthy
A: no striking features
a: Renounce Religion


You were in a sewer.
You worshipped Ashenzari.
Ashenzari was noncommittal.
You were not hungry.

You visited 1 branch of the dungeon, and saw 4 of its levels.
You also visited: Sewer.

You collected 78 gold pieces.

Inventory:

Hand Weapons
 a - a +0 falchion
 b - a +0 short sword of venom (weapon)
 k - a +0 blowgun
Missiles
 m - 5 poisoned needles
Armour
 o - a +0 ring mail (worn)
 r - a +0 cloak (worn)
Wands
 p - a wand of magic darts (13)
Scrolls
 f - 5 scrolls of teleportation
 g - 2 scrolls of magic mapping {unknown}
 h - a scroll of immolation {unknown}
 j - a scroll of recharging
 l - 2 scrolls of remove curse
 s - a scroll of noise {unknown}
Potions
 e - 2 potions of haste
 i - a potion of heal wounds
 n - 2 potions of flight {unknown}
 u - a potion of brilliance
Books
 c - a book of Battle

   Spells                             Type                      Level
   a - Infusion                       Charms                       1
   b - Shroud of Golubria             Charms/Translocation         2
   c - Song of Slaying                Charms                       2
   d - Spectral Weapon                Hexes/Charms                 3
   e - Regeneration                   Charms/Necromancy            3
Comestibles
 d - a bread ration
 q - a meat ration
 t - 3 chunks of flesh


   Skills:
 + Level 2.6 Fighting
 * Level 4.8 Long Blades
 + Level 2.5 Armour
 - Level 1.1 Dodging
 + Level 2.6 Spellcasting
 * Level 3.8 Charms
 * Level 0.2 Necromancy


You had 5 spell levels left.
You knew the following spells:

 Your Spells              Type           Power        Failure   Level  Hunger
a - Infusion              Chrm           ###...       10%         1    #......
b - Regeneration          Chrm/Necr      #.........   63%         3    ###....


Dungeon Overview and Level Annotations

Branches:
Dungeon (4/15)
 Temple: D:4-7

Altars:
Ashenzari
Dithmenos
Elyvilon
Qazlal


Message History

You open the door. 3 kobolds come into view.
The kobold shouts!
Found 3 purple potions and a scroll of identify.
A kobold comes into view. It is wielding a short sword.
The kobold moves out of view.
A big kobold comes into view. It is wielding a whip.
You closely miss the kobold. The kobold closely misses you.
Unknown command.
You hit the kobold but do no damage.
Unknown command.
You hit the kobold but do no damage. The kobold hits you but does no damage.
Unknown command.
You barely miss the kobold. The kobold hits you with a short sword.
* * * LOW HITPOINT WARNING * * *
The kobold hits you with a short sword.
* * * LOW HITPOINT WARNING * * *
Unknown command.
The kobold hits you with a short sword.
You die...

## ## #######
######..#!?# ##....÷##
###....#....!#
........####.....KKK...#
...###..........@K#
†.###..........≈≈.#
...##.....##...≈≈≈#
.........####≈.≈≈≈≈≈≈
...≈.≈..##≈≈≈≈≈≈≈≈≈≈≈≈
≈..≈≈≈≈≈≈≈≈≈≈≈≈≈≈≈≈≈≈≈≈
≈≈≈≈≈≈≈≈≈≈≈≈≈≈≈≈≈≈≈≈≈≈≈
#
≈≈≈≈≈≈≈≈≈≈≈≈≈≈≈≈≈≈≈≈≈≈≈
≈# ≈≈≈≈≈≈≈≈≈≈≈≈≈≈≈≈≈≈≈≈
≈≈#


You could see a big kobold and 3 kobolds.

Vanquished Creatures
  An iguana (D:4)
  5 river rats (Sewer)
  An adder (Sewer)
  2 oozes
  3 adder skeletons (D:4)
  A worm (D:3)
  8 orcs
  4 ball pythons (Sewer)
  5 hobgoblins
  7 kobolds
  5 bats
  A giant cockroach (D:1)
  A giant gecko (D:3)
  A giant newt (D:2)
  A goblin (D:2)
  25 rats
71 creatures vanquished.

Notes
Turn   | Place    | Note
--------------------------------------------------------------
     0 | D:1      | 4thArraOfDagon the High Elf Skald began the quest for the Orb.
     0 | D:1      | Reached XP level 1. HP: 14/14 MP: 4/4
    57 | D:1      | Reached skill level 1 in Armour
   144 | D:1      | Reached XP level 2. HP: 16/19 MP: 6/6
   262 | D:2      | Found a stormy altar of Qazlal.
   265 | D:2      | Found a shadowy altar of Dithmenos.
   268 | D:2      | Found a shattered altar of Ashenzari.
   271 | D:2      | Found a white marble altar of Elyvilon.
   277 | D:2      | Became a worshipper of Ashenzari the Shackled
   742 | D:3      | Reached XP level 3. HP: 20/24 MP: 7/7
   869 | D:4      | Reached skill level 4 in Long Blades
  1057 | D:4      | Reached XP level 4. HP: 4/30 MP: 8/8
  1130 | D:4      | Found a glowing drain.
  1138 | Sewer    | Entered a sewer
  1330 | Sewer    | Learned a level 3 spell: Regeneration
  1486 | Sewer    | Reached XP level 5. HP: 24/35 MP: 9/9
  1604 | Sewer    | Slain by a kobold

Vault maps used:
D:1:      co_arrival_square_in_a_square_in_a_square
D:2:      makhleb_altar_promises_db, grunt_temple_overflow_cloverleaf,
          serial_glass, glass_columns_b, glass_columns_a, minivault_26,
          hex_large, kennysheep_nub, kennysheep_generic_room_14
D:4:      lightli_sewer_entry_pipes, first_bread
Sewer:    sewer_minmay_treatment

Action                   |  1- 3 |  4- 6 || total
-------------------------+-------+-------++-------
Melee: Falchion          |    98 |       ||    98
       Short sword       |    11 |    77 ||    88
 Fire: Blowgun           |    14 |    19 ||    33
 Cast: Infusion          |     3 |       ||     3
Evoke: Wand              |       |     2 ||     2
  Use: Scroll            |     6 |     2 ||     8
       Potion            |     3 |     1 ||     4
  Eat: Chunk             |     1 |     3 ||     4
